[Event "Titled Tuesday Blitz April 25 Late 2023"]
[White "Gerbelli Neto, Eduardo"]
[Black "Sabuk, Piotr"]
[WhiteFideId "2103281"]
[BlackFideId "1137565"]
[WhiteElo "2178"]
[BlackElo "2298"]
[Result "0-1"]
[Round "01"]
[TimeControl "180+2"]
[Date "2023.04.25"]
[WhiteClock "0:00:03"]
[BlackClock "0:00:08"]

1. e4 e5 2. Nf3 Nc6 3. d4 exd4 4. Bc4 Nf6 5. O-O Nxe4 6. Re1 d5 7. Nc3 dxc4 8. Rxe4+ Be7 9. Nxd4 f5 10. Bh6 O-O 11. Nxc6 bxc6 12. Rd4 Qe8 13. Bf4 Be6 14. Bxc7 Bc5 15. Rd2 f4 16. Ne4 Bb4 17. c3 Be7 18. f3 Bd5 19. Bd6 Bxd6 20. Nxd6 Qg6 21. Ne4 Rae8 22. Rd4 Bxe4 23. Rxe4 Rxe4 24. fxe4 Qxe4 25. Qg4 Qe3+ 26. Kh1 f3 27. gxf3 Rxf3 28. Rg1 g6 29. Qxc4+ Kg7 30. Qxc6 Rf2 31. Qd7+ Kh6 32. Qg4 Rxb2 33. Qh4+ Kg7 34. Qd4+ Qxd4 35. cxd4 Rxa2 36. Rd1 Kf6 37. d5 Ke7 38. Kg1 Kd6 39. Rd3 Ra5 40. Rh3 Rxd5 41. Rxh7 a5 42. Kf2 Kc5 43. Rg7 g5 44. Ke3 Kb4 45. Rb7+ Rb5 46. Ra7 a4 47. Kd4 Kb3 48. Ra8 a3 49. Ra6 Rb4+ 50. Kd3 a2 51. Ra8 Kb2 52. Kd2 a1=Q 53. Rxa1 Kxa1 0-1


[Site "https://www.chess.com"]

[Event "Titled Tuesday Blitz April 25 Late 2023"]
[White "Pesotskiy, Mikhail"]
[Black "Aldokhin, Ivan"]
[WhiteFideId "34164453"]
[BlackFideId "24115720"]
[WhiteElo "2131"]
[BlackElo "2322"]
[Result "1-0"]
[Round "01"]
[TimeControl "180+2"]
[Date "2023.04.25"]
[WhiteClock "0:00:14"]
[BlackClock "0:00:05"]

1. d4 Nf6 2. c4 g6 3. Nc3 Bg7 4. e4 d6 5. f3 O-O 6. Be3 c6 7. Qd2 d5 8. cxd5 cxd5 9. e5 Nfd7 10. Bd3 Nc6 11. f4 f6 12. Nf3 fxe5 13. fxe5 Nb6 14. O-O Bg4 15. Ng5 h6 16. h3 Bd7 17. Nf3 Bf5 18. Bxh6 Bxd3 19. Qxd3 Rf5 20. g4 Nb4 21. Qb1 Bxh6 22. gxf5 Qf8 23. a3 Nc6 24. fxg6 Qf4 25. Qc2 Rf8 26. Qg2 Nxd4 27. Nxd4 Qxd4+ 28. Kh1 Rxf1+ 29. Rxf1 Qxe5 30. Qf3 Qg7 31. Qf7+ Qxf7 32. Rxf7 e5 33. Rxb7 d4 34. Ne4 Nd5 35. Rd7 d3 36. Rxd5 Kg7 37. Rxd3 Kxg6 38. Kg2 Kf5 39. Kf3 Ke6 40. Rb3 Ke7 41. Rb7+ Kd8 42. Rxa7 Bc1 43. Rh7 1-0


[Site "https://www.chess.com"]

[Event "Titled Tuesday Blitz April 25 Late 2023"]
[White "Djokic, Mihailo"]
[Black "Liu, Casper"]
[WhiteFideId "976440"]
[BlackFideId "1454153"]
[WhiteElo "2294"]
[BlackElo "2221"]
[Result "1-0"]
[Round "01"]
[TimeControl "180+2"]
[Date "2023.04.25"]
[WhiteClock "0:00:08"]
[BlackClock "0:00:13"]

1. e4 e5 2. Nf3 Nc6 3. Nc3 Nf6 4. Bb5 Nd4 5. Ba4 c6 6. Nxe5 Qe7 7. Nf3 Nxe4 8. O-O Nxf3+ 9. Qxf3 Nc5 10. Bb3 Nxb3 11. axb3 d5 12. d4 Be6 13. Bf4 Qf6 14. Rfe1 Be7 15. Qg3 O-O 16. Be5 Qg6 17. Qxg6 hxg6 18. Ne2 g5 19. c3 b6 20. f4 gxf4 21. Nxf4 a5 22. Nxe6 fxe6 23. Bc7 Rf6 24. Bxb6 Raf8 25. Rxa5 Rf2 26. Ra8 Rxb2 27. Rxf8+ Kxf8 28. Rxe6 Rxb3 29. Rxc6 Bg5 30. g3 Bd2 31. Ba5 Rb2 32. Rc5 Be3+ 33. Kh1 g5 34. Rxd5 g4 35. Rf5+ Kg7 36. Rf1 Kg6 37. d5 Rb5 38. Bc7 Rxd5 39. Bf4 Bc5 40. c4 Rd3 41. Rc1 Kf5 42. Kg2 Rb3 43. Rd1 Ke4 44. h4 gxh3+ 45. Kxh3 Rc3 46. Re1+ Kd3 47. Kg4 Kxc4 48. Kf5 Bf2 49. Re4+ Kd3 50. Re6 Rc5+ 51. Kg6 Rc4 52. Kh5 Rc5+ 53. Kg4 Rc8 54. Kf3 Bd4 55. g4 Rf8 56. g5 Bb2 57. Kg4 Rg8 58. g6 Kc4 59. Bh6 Kd5 60. Rb6 Bd4 61. Ra6 Ke5 62. Bf4+ Ke4 63. Re6+ Kd5 64. Ra6 Ke4 65. Bg5 Be5 66. Kh5 Kf5 67. Ra5 Ke6 68. Ra6+ Kf5 69. Bh6 Bf6 70. Ra5+ Ke6 71. g7 Bxg7 72. Ra6+ Kf7 73. Ra7+ Kf6 74. Bg5+ Kf5 75. Ra5+ Be5 76. Bh6 Rh8 77. Ra7 Bf4 78. Ra5+ Ke6 79. Ra6+ Kf7 80. Ra7+ Ke6 81. Ra6+ Kd5 82. Ra5+ Ke4 83. Ra4+ Kf3 84. Rxf4+ Kg2 85. Rf6 Rd8 86. Kg5 Rd5+ 87. Kg6 Rb5 88. Bg5 Kg3 89. Rd6 Rb7 90. Rd3+ Kg4 91. Rd4+ Kf3 92. Kf5 Rb5+ 93. Kg6 Rb6+ 94. Kh5 Rb5 95. Ra4 Rd5 96. Kg6 Rb5 97. Bf6 Rd5 98. Ra3+ Kf4 99. Ra1 Rb5 100. Rf1+ Kg4 101. Rg1+ Kf4 102. Bg5+ Ke4 103. Kh5 Rb8 104. Kg4 Rf8 105. Re1+ Kd5 106. Bf4 Kd4 107. Kf3 Kd3 108. Rd1+ Kc4 109. Rd7 Re8 110. Be3 Re6 111. Ke2 Re8 112. Rc7+ Kd5 113. Kd3 Ke5 114. Bd4+ Kd5 115. Rc5+ Kd6 116. Rh5 Rb8 117. Be5+ Kc6 118. Bxb8 Kd7 119. Be5 Kc6 120. Bd4 Kd7 121. Ke4 Ke6 122. Rh7 Kd6 123. Rh6+ Kd7 124. Kd5 Ke7 125. Be5 Kf7 126. Re6 Kg8 127. Re7 Kf8 128. Ke6 Kg8 129. Kf6 Kf8 130. Rc7 Ke8 131. Bd6 Kd8 132. Rh7 Ke8 133. Ke6 Kd8 134. Rh8# 1-0


[Site "https://www.chess.com"]

[Event "Titled Tuesday Blitz April 25 Late 2023"]
[White "Bernat, David"]
[Black "Koziorowicz, Michal"]
[WhiteFideId "2099225"]
[BlackFideId "21809194"]
[WhiteElo "1862"]
[BlackElo "2255"]
[Result "1/2-1/2"]
[Round "01"]
[TimeControl "180+2"]
[Date "2023.04.25"]
[WhiteClock "0:00:08"]
[BlackClock "0:00:17"]

1. c4 g6 2. Nc3 Bg7 3. g3 d6 4. Bg2 Nf6 5. d3 O-O 6. e4 c5 7. Nge2 Nc6 8. O-O Rb8 9. h3 Bd7 10. Be3 a6 11. a4 Re8 12. Qd2 Na5 13. Qc2 b5 14. axb5 axb5 15. cxb5 Bxb5 16. Nxb5 Rxb5 17. Qa4 Rxb2 18. Qxa5 Qxa5 19. Rxa5 Rxe2 20. e5 dxe5 21. Bxc5 Rd2 22. Ra3 e6 23. Rb1 Nd5 24. Rab3 h5 25. Rb8 Rxb8 26. Rxb8+ Kh7 27. Rb7 Rc2 28. Bd6 Rc6 29. Bb8 Kg8 30. Ba7 Bf6 31. Kh2 Kg7 32. Rd7 Ra6 33. Bc5 Ra5 34. Bd6 Ra3 35. Bxa3 Nc3 36. Bb2 Nd1 37. Ba1 Nxf2 38. d4 e4 39. Kg1 e3 40. Bf1 Ne4 41. Ra7 Nxg3 42. Bd3 h4 43. d5 exd5 44. Bxf6+ Kxf6 45. Kg2 Ke6 46. Kf3 f5 47. Kxe3 Ke5 48. Re7+ Kf6 49. Rh7 Kg5 50. Rd7 Nh5 51. Rxd5 Nf4 52. Rd6 Nxh3 53. Bb5 Nf4 54. Be8 h3 55. Kf3 h2 56. Rd1 Nd5 57. Kg3 Ne3 58. Rh1 Ng4 59. Bc6 f4+ 60. Kg2 Kh4 61. Bf3 Ne3+ 62. Kxh2 g5 63. Kg1+ Kg3 64. Be2 g4 65. Bxg4 Nxg4 66. Kf1 f3 67. Rg1+ Kf4 68. Rxg4+ Kxg4 69. Kf2 Kf4 70. Kf1 Ke3 71. Ke1 Kd3 72. Kf2 Kd4 73. Kxf3 1/2-1/2


[Site "https://www.chess.com"]

[Event "Titled Tuesday Blitz April 25 Late 2023"]
[White "Luong Phuong Hanh"]
[Black "Zwirs, Nico"]
[WhiteFideId "12401013"]
[BlackFideId "1036432"]
[WhiteElo "2081"]
[BlackElo "2381"]
[Result "0-1"]
[Round "01"]
[TimeControl "180+2"]
[Date "2023.04.25"]
[WhiteClock "0:00:21"]
[BlackClock "0:00:11"]

1. d4 d5 2. c4 e6 3. Nf3 Nf6 4. g3 c6 5. Qc2 dxc4 6. Qxc4 b5 7. Qd3 Bb7 8. Bg2 a6 9. O-O c5 10. a4 c4 11. Qd1 Nbd7 12. axb5 axb5 13. Rxa8 Qxa8 14. Nc3 Qa6 15. Bf4 Bb4 16. Qa1 Qb6 17. Qc1 O-O 18. Rd1 Rc8 19. Ne5 Bxg2 20. Kxg2 Qb7+ 21. Kg1 Be7 22. Nxd7 Nxd7 23. d5 e5 24. Be3 Bf8 25. Ne4 b4 26. Qc2 h6 27. Ra1 Qxd5 28. Rd1 Qc6 29. Qd2 Qxe4 30. Qxd7 Qc6 31. Qf5 Qe6 32. Qxe6 fxe6 33. Rc1 Kf7 34. Kf1 Be7 35. Bd2 e4 36. e3 b3 37. Bc3 Bf6 38. Ke2 Bxc3 39. Rxc3 Kf6 40. Rc1 Ke5 41. Kd2 Rf8 42. Rf1 Kd5 43. Kc3 Kc5 44. h3 Rd8 45. f4 Rd3# 0-1


[Site "https://www.chess.com"]

[Event "Titled Tuesday Blitz April 25 Late 2023"]
[White "Wieczorek, Oskar"]
[Black "Novikova, Galina"]
[WhiteFideId "1133950"]
[BlackFideId "4157095"]
[WhiteElo "2418"]
[BlackElo "1953"]
[Result "1/2-1/2"]
[Round "01"]
[TimeControl "180+2"]
[Date "2023.04.25"]
[WhiteClock "0:00:09"]
[BlackClock "0:00:29"]

1. e4 e6 2. d4 d5 3. Nd2 Nc6 4. Ngf3 g5 5. exd5 exd5 6. Be2 Qf6 7. O-O Nxd4 8. Nxd4 Qxd4 9. c3 Qf6 10. Nf3 h6 11. Be3 Qe7 12. Qxd5 c6 13. Qb3 Be6 14. Qa4 Bg7 15. Nd4 Nf6 16. Rfe1 O-O 17. Nxe6 Qxe6 18. Qb3 Nd5 19. Bc5 Rfe8 20. g3 Qd7 21. Bf3 b6 22. Ba3 Rxe1+ 23. Rxe1 Re8 24. Rxe8+ Qxe8 25. Bxd5 cxd5 26. Qxd5 g4 27. Kg2 Qe2 28. c4 Bxb2 29. Qd8+ Kg7 30. Bxb2+ Qxb2 31. a4 Qe5 32. Qd3 h5 33. Qc2 Qc5 34. h3 Qc6+ 35. Kh2 Qf3 36. hxg4 hxg4 37. Kg1 Kg8 38. c5 bxc5 39. Qxc5 Qd1+ 40. Kh2 Qxa4 41. Qc8+ Kg7 42. Qf5 Kf8 43. Qc8+ Kg7 44. Qf5 Kf8 45. Qg5 a5 46. Qh6+ Kg8 47. Qg5+ Kf8 48. Qd8+ Kg7 49. Qd6 Qb4 50. Qe5+ Kg8 51. Qg5+ Kf8 52. Qd8+ Kg7 53. Qg5+ Kf8 54. Qh6+ Kg8 55. Kg1 a4 56. Qg5+ Kf8 57. Qd8+ Kg7 58. Qg5+ Kf8 59. Qh6+ Kg8 60. Qg5+ Kf8 1/2-1/2


[Site "https://www.chess.com"]

[Event "Titled Tuesday Blitz April 25 Late 2023"]
[White "Kucuksari, Kaan"]
[Black "Allahverdiyeva, Ayan"]
[WhiteFideId "6380166"]
[BlackFideId "13412590"]
[WhiteElo "2364"]
[BlackElo "1980"]
[Result "1-0"]
[Round "01"]
[TimeControl "180+2"]
[Date "2023.04.25"]
[WhiteClock "0:00:21"]
[BlackClock "0:00:02"]

1. e4 c5 2. Nf3 d6 3. d4 cxd4 4. Nxd4 Nf6 5. Nc3 a6 6. Be2 e6 7. g4 Be7 8. g5 Nfd7 9. h4 b5 10. a3 Bb7 11. Be3 O-O 12. Qd2 Nc6 13. O-O-O Nc5 14. Kb1 Rb8 15. f3 Qc7 16. Nf5 exf5 17. Nd5 Qd8 18. exf5 Re8 19. f6 Bf8 20. h5 Ne5 21. f4 Ne4 22. Qd4 Nc6 23. Qd3 g6 24. hxg6 fxg6 25. Qb3 Na5 26. Ne7+ Kh8 27. Qg8# 1-0


[Site "https://www.chess.com"]

[Event "Titled Tuesday Blitz April 25 Late 2023"]
[White "Ansh M Shah"]
[Black "Bronstein, Or"]
[WhiteFideId "25033379"]
[BlackFideId "2815770"]
[WhiteElo "2084"]
[BlackElo "2356"]
[Result "0-1"]
[Round "01"]
[TimeControl "180+2"]
[Date "2023.04.25"]
[WhiteClock "0:00:10"]
[BlackClock "0:00:41"]

1. d4 Nf6 2. c4 g6 3. h4 Bg7 4. Nc3 O-O 5. e4 c5 6. d5 d6 7. Be2 b5 8. cxb5 a6 9. a4 axb5 10. Bxb5 Ba6 11. Bd2 Nbd7 12. f3 Ne5 13. Qc2 e6 14. Bxa6 Rxa6 15. Nge2 exd5 16. exd5 Re8 17. O-O Nc4 18. Bf4 Nh5 19. Bg5 Qb8 20. b3 Ne3 21. Bxe3 Rxe3 22. Rae1 Qe8 23. Qd2 Rb6 24. Nb5 Bh6 25. Ng3 Nxg3 26. Rxe3 Bxe3+ 0-1


[Site "https://www.chess.com"]

[Event "Titled Tuesday Blitz April 25 Late 2023"]
[White "Adewumi, Tanitoluwa"]
[Black "Tymrakiewicz, Rafal"]
[WhiteFideId "30966396"]
[BlackFideId "1108832"]
[WhiteElo "2283"]
[BlackElo "2151"]
[Result "0-1"]
[Round "01"]
[TimeControl "180+2"]
[Date "2023.04.25"]
[WhiteClock "0:00:01"]
[BlackClock "0:00:14"]

1. e4 Nf6 2. e5 Nd5 3. c4 Nb6 4. d4 d6 5. f4 dxe5 6. fxe5 c5 7. d5 e6 8. Nc3 exd5 9. cxd5 c4 10. Nf3 Bc5 11. Bxc4 O-O 12. Bd3 Bg4 13. Bf4 Re8 14. h3 Bh5 15. g4 Bg6 16. Bxg6 hxg6 17. Qd3 Na6 18. a3 Rc8 19. O-O-O Bxa3 20. bxa3 Na4 21. Bd2 Qa5 22. Kc2 Rc5 23. Nd4 Rec8 24. Ne2 b5 25. Rb1 b4 26. axb4 Nxb4+ 27. Rxb4 Qxb4 28. Rb1 Qa3 29. Kd1 Nxc3+ 30. Nxc3 Rxc3 31. Bxc3 Rxc3 32. Qe2 Rd3+ 33. Kc2 Qc3# 0-1


[Site "https://www.chess.com"]

[Event "Titled Tuesday Blitz April 25 Late 2023"]
[White "Freile Martin, Javier"]
[Black "Lewicki, Miroslaw"]
[WhiteFideId "3600165"]
[BlackFideId "1113380"]
[WhiteElo "2320"]
[BlackElo "2212"]
[Result "0-1"]
[Round "01"]
[TimeControl "180+2"]
[Date "2023.04.25"]
[WhiteClock "0:00:00"]
[BlackClock "0:00:00"]

1. c4 Nf6 2. Nc3 e6 3. e4 d5 4. e5 Nfd7 5. d4 dxc4 6. Nf3 c5 7. d5 exd5 8. Qxd5 Nc6 9. Bxc4 Qe7 10. Bg5 f6 11. Bh4 Nb6 12. Qe4 Nxc4 13. Qxc4 Nxe5 14. Nxe5 Qxe5+ 15. Kf1 Be6 16. Qb5+ Kf7 17. Qxb7+ Be7 18. Bg3 Qf5 19. Re1 Rad8 20. h3 Rd7 21. Qa6 Rhd8 22. Kg1 h5 23. Kh2 g5 24. f3 Rd2 25. Ne4 Qxh3+ 26. Kg1 Qxg2# 0-1


[Site "https://www.chess.com"]

[Event "Titled Tuesday Blitz April 25 Late 2023"]
[White "Nasuta, Grzegorz"]
[Black "Guzman Moneo, Alberto"]
[WhiteFideId "1141686"]
[BlackFideId "2209616"]
[WhiteElo "2449"]
[BlackElo "2157"]
[Result "1-0"]
[Round "01"]
[TimeControl "180+2"]
[Date "2023.04.25"]
[WhiteClock "0:00:00"]
[BlackClock "0:00:00"]

1. e4 g6 2. d4 Bg7 3. Nf3 d6 4. Be3 c5 5. c3 Nf6 6. Nbd2 cxd4 7. cxd4 Nc6 8. h3 O-O 9. Be2 Bd7 10. O-O Rc8 11. Rc1 a6 12. a3 b5 13. d5 Na5 14. Nd4 Nc4 15. Nxc4 bxc4 16. f3 Nh5 17. Bxc4 Ng3 18. Re1 a5 19. Bf2 Nh5 20. Qd2 Kh8 21. Bf1 Rxc1 22. Rxc1 Qb8 23. b4 axb4 24. axb4 Rc8 25. Nc6 Bxc6 26. dxc6 Be5 27. b5 Bf4 28. Qb2+ e5 29. Rc2 Qa8 30. b6 Rxc6 31. b7 Rxc2 32. bxa8=Q+ Rc8 33. Qxc8+ Kg7 34. Qbb8 Kh6 35. Qf8+ Kg5 36. Qbxd6 f6 37. h4# 1-0


[Site "https://www.chess.com"]

[Event "Titled Tuesday Blitz April 25 Late 2023"]
[White "Fajdetic, Hrvoje"]
[Black "Spata, German"]
[WhiteFideId "14501945"]
[BlackFideId "113026"]
[WhiteElo "2185"]
[BlackElo "2238"]
[Result "1-0"]
[Round "01"]
[TimeControl "180+2"]
[Date "2023.04.25"]
[WhiteClock "0:00:20"]
[BlackClock "0:00:11"]

1. d4 Nf6 2. Bf4 e6 3. e3 c5 4. c3 cxd4 5. exd4 Be7 6. Nd2 O-O 7. Ngf3 d6 8. Bd3 b6 9. Qc2 Bb7 10. O-O Nbd7 11. Rfe1 Re8 12. a4 a6 13. Nc4 Qc7 14. Nfd2 Bf8 15. h3 h6 16. Bh2 Qc6 17. Bf1 Rac8 18. Ne3 Qc7 19. Be2 Qb8 20. Bf3 Qc7 21. Qd1 Qb8 22. Bxb7 Qxb7 23. Qf3 Qxf3 24. Nxf3 Rc7 25. Re2 Rb8 26. Nd2 Rbc8 27. f3 Be7 28. g4 Kf8 29. Kg2 b5 30. axb5 axb5 31. Ra6 Rc6 32. Ra7 d5 33. Nc2 b4 34. Nb1 bxc3 35. bxc3 Nb6 36. Ne3 Nc4 37. Nxc4 Rxc4 38. Rb2 Ng8 39. Rbb7 R4c6 40. Kf2 f6 41. Ke2 g5 42. Kd3 Rd8 43. Na3 Bxa3 44. Rxa3 Re8 45. Raa7 Re7 46. Rb8+ Kf7 47. Raa8 1-0


[Site "https://www.chess.com"]

[Event "Titled Tuesday Blitz April 25 Late 2023"]
[White "Eidelman, Gabriel"]
[Black "Averjanov, Alexey"]
[WhiteFideId "30910544"]
[BlackFideId "14109867"]
[WhiteElo "2209"]
[BlackElo "2399"]
[Result "1/2-1/2"]
[Round "01"]
[TimeControl "180+2"]
[Date "2023.04.25"]
[WhiteClock "0:00:16"]
[BlackClock "0:00:54"]

1. Nf3 d5 2. e3 Nf6 3. c4 dxc4 4. Bxc4 e6 5. O-O a6 6. d4 b5 7. Bb3 Bb7 8. Nc3 Nbd7 9. Re1 c5 10. e4 cxd4 11. Nxd4 Nc5 12. e5 Nxb3 13. Nxb3 Qxd1 14. Rxd1 Nd5 15. Nxd5 Bxd5 16. Be3 Be7 17. Rac1 Kd7 18. Nc5+ Bxc5 19. Rxc5 Rhc8 20. a3 Rxc5 21. Bxc5 Rc8 22. b4 Kc6 23. f3 a5 24. Kf2 axb4 25. axb4 Ra8 26. Rd2 Ra3 27. h4 h5 28. Kg3 Ra2 29. Rxa2 Bxa2 30. Kf4 Kd7 31. Kg5 g6 32. g4 Bd5 33. gxh5 gxh5 34. Kxh5 Bxf3+ 35. Kg5 Ke8 36. h5 f6+ 37. Kg6 fxe5 38. h6 Kd7 39. Kg7 Be4 40. h7 Bxh7 41. Kxh7 Kc6 42. Kg6 Kd5 43. Kg5 Kc4 44. Kg4 e4 45. Kf4 Kd3 46. Ke5 e3 47. Kxe6 Kc4 48. Bxe3 Kxb4 49. Kd5 1/2-1/2


[Site "https://www.chess.com"]

[Event "Titled Tuesday Blitz April 25 Late 2023"]
[White "Lewtak, Damian"]
[Black "Bueno, Alfeu Junior Varela"]
[WhiteFideId "1141724"]
[BlackFideId "2108879"]
[WhiteElo "2302"]
[BlackElo "2175"]
[Result "0-1"]
[Round "01"]
[TimeControl "180+2"]
[Date "2023.04.25"]
[WhiteClock "0:00:14"]
[BlackClock "0:00:07"]

1. e4 e6 2. Nf3 d5 3. exd5 exd5 4. d4 Nc6 5. c4 Bg4 6. Nc3 Bb4 7. Be3 Nf6 8. Be2 dxc4 9. Bxc4 Ne4 10. Qb3 O-O 11. O-O Bxf3 12. gxf3 Nxc3 13. bxc3 Bd6 14. Kg2 Qh4 15. h3 Na5 16. Qb5 Nxc4 17. Qxc4 Kh8 18. Qd5 f5 19. f4 Rf6 20. Qf3 Re8 21. Rg1 Re4 22. Kf1 Bxf4 23. Bxf4 Rxf4 24. Re1 h6 25. Qg2 g5 26. Re2 Rb6 27. Qg3 Rb1+ 28. Kg2 Rxg1+ 29. Kxg1 Qxg3+ 30. fxg3 Rf3 31. Re8+ Kg7 32. Re7+ Kg6 33. Rxc7 Rxg3+ 34. Kh2 Rd3 35. Kg2 b5 36. Kf2 Rd2+ 37. Ke3 Rxa2 38. d5 Kf6 39. Rc6+ Ke5 40. d6 Ke6 41. Kd4 Rd2+ 42. Kc5 Rd5+ 43. Kb4 Rxd6 44. Rc8 a6 45. Rf8 Ke5 46. Kc5 Rf6 47. Re8+ Re6 48. Rf8 f4 49. Kb4 Rf6 50. Re8+ Kf5 51. c4 bxc4 52. Kxc4 f3 53. Kd3 Kf4 54. Kd2 Kg3 55. Re1 f2 56. Re4 f1=Q 57. Rg4+ Kxh3 58. Re4 Qf4+ 59. Rxf4 Rxf4 60. Ke2 Kg3 61. Ke3 h5 62. Ke2 h4 63. Ke3 h3 0-1


[Site "https://www.chess.com"]

[Event "Titled Tuesday Blitz April 25 Late 2023"]
[White "Szente Varga, Fruzsina"]
[Black "Korchmar, Vasiliy"]
[WhiteFideId "712264"]
[BlackFideId "24131750"]
[WhiteElo "1994"]
[BlackElo "2370"]
[Result "0-1"]
[Round "01"]
[TimeControl "180+2"]
[Date "2023.04.25"]
[WhiteClock "0:00:01"]
[BlackClock "0:00:15"]

1. e4 c5 2. Nf3 d6 3. d4 cxd4 4. Qxd4 Nc6 5. Bb5 a6 6. Bxc6+ bxc6 7. c4 e5 8. Qd3 Nf6 9. Nc3 Be7 10. O-O Qc7 11. b3 O-O 12. Rd1 h6 13. h3 Be6 14. Be3 Rad8 15. Rac1 Qb8 16. Na4 d5 17. cxd5 cxd5 18. Qxa6 d4 19. Bd2 Nxe4 20. Ba5 Rc8 21. Qe2 Rxc1 22. Rxc1 Bd5 23. Bc7 Qc8 24. Nb6 Qb7 25. Nxd5 Qxd5 26. Bxe5 d3 27. Qe3 Bc5 28. Bd4 Bxd4 29. Qxd4 Qxd4 30. Nxd4 Rd8 31. Nf3 g5 32. Rd1 h5 33. g4 hxg4 34. hxg4 Rd5 35. a4 Nc3 36. Rd2 Ne4 37. Rd1 f5 38. gxf5 g4 39. Ne1 d2 40. Nc2 Nc3 41. Ne3 Rd4 42. Kg2 Nxd1 43. Nxd1 Re4 44. a5 Re1 45. Nc3 Rc1 46. a6 Rxc3 47. a7 Rc8 0-1


[Site "https://www.chess.com"]

[Event "Titled Tuesday Blitz April 25 Late 2023"]
[White "Koellner, Ruben Gideon"]
[Black "Bryant, Todd"]
[WhiteFideId "12993093"]
[BlackFideId "2031299"]
[WhiteElo "2314"]
[BlackElo "2075"]
[Result "1/2-1/2"]
[Round "01"]
[TimeControl "180+2"]
[Date "2023.04.25"]
[WhiteClock "0:00:04"]
[BlackClock "0:00:41"]

1. d4 Nf6 2. Nf3 g6 3. Nbd2 d5 4. e3 Bg7 5. b4 a5 6. b5 O-O 7. c4 c5 8. dxc5 Ne4 9. Nxe4 Bxa1 10. cxd5 Bf5 11. Ng3 Nd7 12. Nxf5 gxf5 13. Qc2 Nxc5 14. Qxf5 Bg7 15. Ng5 Re8 16. Qxh7+ Kf8 17. Qh5 Kg8 18. Qxf7+ Kh8 19. Bb2 e5 20. Qh5+ Kg8 21. Bd3 Nxd3+ 22. Ke2 Nxb2 23. Qf7+ Kh8 24. Qh5+ Kg8 25. Qf7+ Kh8 26. Qh5+ Kg8 1/2-1/2


[Site "https://www.chess.com"]

[Event "Titled Tuesday Blitz April 25 Late 2023"]
[White "Riff, Vincent"]
[Black "Vifleemskaia, Svetlana"]
[WhiteFideId "617776"]
[BlackFideId "4129490"]
[WhiteElo "2369"]
[BlackElo "1930"]
[Result "0-1"]
[Round "01"]
[TimeControl "180+2"]
[Date "2023.04.25"]
[WhiteClock "0:01:30"]
[BlackClock "0:00:07"]

1. e4 e5 2. Nf3 Nc6 3. Bb5 a6 4. Ba4 Nf6 5. O-O Be7 6. Bxc6 dxc6 7. Re1 Nd7 8. d4 exd4 9. Qxd4 O-O 10. Bf4 c5 11. Qe3 Nb6 12. b3 Bf6 13. e5 Be7 14. Nc3 Bf5 15. Rad1 Qc8 16. Rd2 h6 17. a4 Qe6 18. a5 Nd7 19. Nd5 Bd8 20. Bg3 c6 21. Nf4 Qe8 22. Qc3 Bc7 23. Nh5 Qe6 24. Nxg7 Kxg7 25. Rxd7 Bxa5 26. Qxa5 Qxd7 27. Qxc5 Qd5 28. Qc3 Be6 29. h3 Kh8 30. Bh4 Rg8 31. Bf6+ Kh7 32. Kh2 Rg6 33. Nh4 Rxf6 34. exf6 Rg8 35. Re5 Qd6 36. f4 Bd5 37. Qd3+ Kh8 38. c4 Qxf6 39. cxd5 Qxh4 40. Qd4 Qg3+ 41. Kh1 Qxg2# 0-1


[Site "https://www.chess.com"]

[Event "Titled Tuesday Blitz April 25 Late 2023"]
[White "Degtiarev, Evgeny"]
[Black "Amburgy, Ryan"]
[WhiteFideId "4149610"]
[BlackFideId "30924820"]
[WhiteElo "2284"]
[BlackElo "2134"]
[Result "1/2-1/2"]
[Round "01"]
[TimeControl "180+2"]
[Date "2023.04.25"]
[WhiteClock "0:00:01"]
[BlackClock "0:00:00"]

1. d4 Nf6 2. c4 e6 3. g3 d5 4. Nf3 Bb4+ 5. Bd2 Bd6 6. cxd5 exd5 7. Bg2 O-O 8. O-O Bf5 9. Qb3 Nbd7 10. Qxb7 Nb6 11. Nc3 Bc8 12. Qc6 Bd7 13. Qb7 Bc8 14. Qc6 Bd7 15. Qb7 Bc8 1/2-1/2


[Site "https://www.chess.com"]

[Event "Titled Tuesday Blitz April 25 Late 2023"]
[White "Bruedigam, Martin"]
[Black "Rosenberg, Evan S"]
[WhiteFideId "24608033"]
[BlackFideId "2019299"]
[WhiteElo "2331"]
[BlackElo "1956"]
[Result "1-0"]
[Round "01"]
[TimeControl "180+2"]
[Date "2023.04.25"]
[WhiteClock "0:00:12"]
[BlackClock "0:00:09"]

1. d4 d5 2. c4 e6 3. Nc3 c5 4. cxd5 cxd4 5. Qxd4 Nc6 6. Qa4 exd5 7. Nf3 d4 8. Ne4 Bf5 9. Ng3 Bb4+ 10. Bd2 Bxd2+ 11. Nxd2 Be6 12. Nge4 Ne7 13. g3 O-O 14. Bg2 d3 15. e3 b5 16. Qd1 Nb4 17. O-O Nc2 18. Rc1 Bxa2 19. b3 Nd5 20. Rxc2 dxc2 21. Qxc2 Nb4 22. Qb2 Rc8 23. Nc3 Qd3 24. Nxa2 Nxa2 25. Qxa2 Rc2 26. Qxa7 Rxd2 27. Bf3 Qxb3 28. h4 g6 29. h5 Rfd8 30. Qc5 Qc4 31. Qe5 b4 32. h6 Qc3 33. Qe7 R2d7 34. Qe4 b3 35. Kg2 Qf6 36. Bg4 Re7 37. Qb4 b2 38. Rb1 Qc6+ 39. Bf3 Qd6 40. Qxb2 f6 41. Ra1 Qe5 42. Qb3+ Kf8 43. Ra2 Qg5 44. Ra6 Qxh6 45. Rxf6+ Ke8 46. Rf4 Qg5 47. Bc6+ Rdd7 48. Qg8# 1-0


[Site "https://www.chess.com"]

[Event "Titled Tuesday Blitz April 25 Late 2023"]
[White "Rodriguez Santiago, Jaime"]
[Black "Plotnikov, Pavel"]
[WhiteFideId "3100898"]
[BlackFideId "4170342"]
[WhiteElo "2025"]
[BlackElo "2298"]
[Result "1-0"]
[Round "01"]
[TimeControl "180+2"]
[Date "2023.04.25"]
[WhiteClock "0:00:01"]
[BlackClock "0:00:01"]

1. c4 e6 2. Nf3 b6 3. g3 Bb7 4. Bg2 Nf6 5. O-O Be7 6. b3 O-O 7. Bb2 c5 8. e3 Nc6 9. Qe2 d5 10. d3 Rc8 11. Nc3 a6 12. Rad1 1-0


[Site "https://www.chess.com"]

[Event "Titled Tuesday Blitz April 25 Late 2023"]
[White "Ardila, Oscar Humberto"]
[Black "Ezat, Mohamed"]
[WhiteFideId "4404742"]
[BlackFideId "10600906"]
[WhiteElo "1918"]
[BlackElo "2386"]
[Result "0-1"]
[Round "01"]
[TimeControl "180+2"]
[Date "2023.04.25"]
[WhiteClock "0:00:05"]
[BlackClock "0:00:58"]

1. d4 Nf6 2. c4 g6 3. Nc3 Bg7 4. Nf3 d6 5. e3 O-O 6. Be2 Nbd7 7. O-O e5 8. Qc2 Re8 9. Rd1 e4 10. Nd2 Qe7 11. Nd5 Nxd5 12. cxd5 Nf6 13. Qb3 h5 14. Nf1 Rb8 15. Bd2 Bg4 16. Bxg4 Nxg4 17. h3 Nf6 18. Rac1 Qd7 19. Ba5 Rec8 20. Rc2 b6 21. Be1 Qf5 22. Qa4 a5 23. Rdc1 Nxd5 24. Ng3 Qe6 25. a3 f5 26. Bd2 Kh7 27. Qb3 f4 28. exf4 h4 29. Ne2 c5 30. Be3 Nxf4 31. Qxe6 Nxe6 32. dxc5 bxc5 33. Rd1 Rc6 34. Rd5 Rcb6 35. Rcd2 Be5 36. b4 axb4 37. axb4 Rxb4 38. f4 exf3 39. gxf3 Rb3 40. Kf2 Rf8 41. R5d3 c4 42. Rxb3 cxb3 43. Bd4 Nxd4 44. Nxd4 b2 0-1


[Site "https://www.chess.com"]